 Dungeon Crawl Stone Soup version 0.30-a0-879-ga8ba668304 (webtiles) character file.

Game seed: 1280318055541794935

61250 jasper the Pandemonic (level 14, -9/95 (116) HPs)
             Began as a Demonspawn Gladiator on Mar 13, 2023.
             Was a High Priest of Makhleb.
             Killed from afar by a necromancer (27 damage)
             ... with a bolt of negative energy
             ... on level 5 of the Lair of Beasts.
             The game lasted 00:35:51 (18706 turns).

jasper the Pandemonic (Demonspawn Gladiator)       Turns: 18706, Time: 00:35:52

HP:   -9/95 (116)   AC: 21    Str: 25    XL:     14   Next: 59%
MP:   26/26         EV: 13    Int: 14    God:    Makhleb [*****.]
Gold: 700           SH:  4    Dex: 12    Spells: 13/13 levels left

rFire   . . .      SeeInvis +    d - +5 quarterstaff (freeze)
rCold   . . .      Faith    .    (shield currently unavailable)
rNeg    . . .      Spirit   .    U - +3 troll leather armour {Snorg}
rPois   .          Reflect  .    (helmet unavailable)
rElec   +          Rampage  .    B - +2 cloak {Stlth+}
rCorr   +                        G - +2 pair of gloves "Xege" {rElec Int+2 Dex-3}
Will    +....                    (no boots)
Stlth   ++                       (no amulet)
HPRegen 1.15/turn                E - ring "Icverchi" {+Blink Str+6 Int+2}
MPRegen 0.20/turn                q - ring of resist corrosion

@: heavily drained
A: antennae 3, yellow scales 1, icemail 1, spiny 1, condensation shield
a: Renounce Religion, Evoke Blink, Minor Destruction, Lesser Servant of Makhleb,
Major Destruction, Greater Servant of Makhleb


You were on level 5 of the Lair of Beasts.
You worshipped Makhleb.
Makhleb was extremely pleased with you.
You visited 3 branches of the dungeon, and saw 18 of its levels.
You also visited: Sewer, Gauntlet and Ice Cave.

You collected 2024 gold pieces.
You spent 1324 gold pieces at shops.

Inventory:

Hand Weapons
 c - the +9 staff of Wucad Mu {*channel}
   (You found it in a Gauntlet)

   *Channel:  It occasionally powers its wielder's spells, but with a chance of
   causing confusion or draining the wielder's intelligence.
   It becomes more likely to activate and less likely to backfire with increased
   Evocations skill.
 d - a +5 quarterstaff of freezing (weapon)
Missiles
 e - 5 javelins
 o - 18 boomerangs (quivered)
 p - 46 poisoned darts
 K - 3 throwing nets
Armour
 B - a +2 cloak of stealth (worn)
 C - a scarf of resistance
 G - the +2 pair of gloves "Xege" (worn) {rElec Int+2 Dex-3}
   (You found it on level 3 of the Dungeon)

   Int:       It affects your intelligence (+2).
   Dex:       It affects your dexterity (-3).
   rElec:     It insulates you from electricity.
 U - a +3 troll leather armour (worn) {Snorg}
Jewellery
 f - a ring of positive energy
 k - a ring of magical power
 l - a +6 ring of strength
 q - a ring of resist corrosion (right hand)
 E - the ring "Icverchi" (left hand) {+Blink Str+6 Int+2}
   (You bought it in a shop on level 2 of the Orcish Mines)

   [ring of strength]

   Str:       It affects your strength (+6).
   Int:       It affects your intelligence (+2).
   +Blink:    It lets you blink.
 I - a ring of poison resistance
 M - a ring of ice
 R - an amulet of reflection
 S - a +5 ring of evasion
Wands
 j - a wand of flame (10)
 N - a wand of polymorph (8)
 W - a wand of iceblast (6)
 Z - a wand of charming (5)
Scrolls
 a - 2 scrolls of poison
 b - a scroll of amnesia
 u - a scroll of fear
 v - 4 scrolls of identify
 y - 2 scrolls of brand weapon
 z - 5 scrolls of enchant weapon
 A - 2 scrolls of immolation
 F - 4 scrolls of torment
 J - a scroll of enchant armour
 O - 4 scrolls of teleportation
 P - 2 scrolls of vulnerability
 T - 2 scrolls of fog
Potions
 g - 3 potions of mutation
 h - 3 potions of might
 i - 5 potions of brilliance
 m - 5 potions of lignification
 n - 5 potions of haste
 r - 3 potions of magic
 s - 2 potions of degeneration {unknown}
 t - 4 potions of invisibility {unknown}
 w - a potion of resistance {unknown}
 x - 4 potions of flight {unknown}
 D - a potion of berserk rage {unknown}
 H - 10 potions of curing
 L - a potion of ambrosia {unknown}
Miscellaneous
 X - a phial of floods (inert)
 Y - a tin of tremorstones (inert)


   Skills:
 * Level 12.6 Fighting
 - Level 14.0 Staves
 - Level 1.7 Throwing
 + Level 8.4 Armour
 + Level 5.6 Dodging
 - Level 17.0 Invocations
 + Level 5.1 Evocations


You had 13 spell levels left.
You didn't know any spells.
Your spell library contained the following spells:

 Spells                   Type           Power      Damage    Failure   Level
 Beastly Appendage        Tmut           0%         N/A       32%         1
 Necrotise                Necr           0%         1d4       32%         1
 Slow                     Hex            0%         N/A       32%         1
 Cigotuvi's Dreadful Rot  Necr/Pois/Air  0%         N/A       43%         2
 Poisonous Vapours        Pois/Air       0%         N/A       43%         2
 Static Discharge         Conj/Air       0%         2-2/arc   43%         2
 Sublimation of Blood     Necr           0%         N/A       43%         2
 Wereblood                Tmut           0%         N/A       43%         2
 Dazzling Flash           Conj/Hex       0%         N/A       67%         3
 Inner Flame              Hex/Fire       0%         N/A       67%         3
 Mephitic Cloud           Conj/Pois/Air  0%         N/A       67%         3
 Ozocubu's Armour         Ice            0%         N/A       67%         3
 Spider Form              Tmut/Pois      0%         N/A       67%         3
 Vampiric Draining        Necr           0%         2d6       67%         3
 Vhi's Electric Charge    Tloc/Air       0%         N/A       67%         3
 Flame Wave               Conj/Fire      0%         2d4       97%         4
 Sticky Flame             Conj/Fire      0%         2d3       97%         4
 Agony                    Necr           0%         N/A       100%        5
 Arcjolt                  Conj/Air       0%         1d10      100%        5
 Iskenderun's Battlesphe  Conj           0%         2d6       100%        5
 Lightning Bolt           Conj/Air       0%         1d11      100%        5
 Eringya's Noxious Bog    Tmut/Pois      0%         N/A       100%        6
 Iron Shot                Conj/Erth      0%         9d1       100%        6
 Ozocubu's Refrigeration  Ice            0%         4d7       100%        7
 Spellforged Servitor     Conj/Summ      0%         N/A       100%        7
 Summon Hydra             Summ           0%         N/A       100%        7


Dungeon Overview and Level Annotations

Branches:
Dungeon (11/15)            Temple (0/1) D:4            Lair (5/5) D:11
 Shoals (0/4) Lair:2       Spider (0/4) Lair:3        Slime (0/5) Lair:4
    Orc (2/2) D:10            Elf (0/3) Orc:2         Sewer (visited)
  IceCv (visited)         Gauntlet (visited)

Altars:
Dithmenos
Hepliaklqana
Kikubaaqudgha
Makhleb
Nemelex Xobeh
Okawaru
Qazlal
Trog
Uskayaw
Vehumet
Xom
Jiyva

Shops:
D:1 !   Orc:1 :   Orc:2 =![[

Annotations:
D:10 2 transporters, Hubris850's ghost, novice OgGl
Lair:4 1 runed translucent door


Innate Abilities, Weirdness & Mutations

You have a pair of large antennae on your head. (SInv)
You are partially covered in yellow scales. (AC +2)
A meltable icy envelope protects you from harm. (AC +4)
You are partially covered in sharp spines.
A meltable shield of frost defends you. (SH +4)


Message History

The elephant simulacrum is almost destroyed.
The elephant simulacrum is struck by your spines.
The elephant simulacrum vaporises!
You start resting.
HP restored.
Health restored: 107
There is an open door, spattered with blood here.
Things that are here:
a +0 dagger; a +0 robe; a human corpse You close the door.
You start waiting.
Done waiting.
You open the door.
There is an open door, spattered with blood here.
J - a scroll of enchant armour You open the door.
The necromancer shouts!
The elephant trumpets! x3
There are monsters nearby!
You barely miss the necromancer.
The necromancer gestures at you while chanting.
Your body is wracked with pain!
You take 52 damage, and have 55/107 hp.
MASSIVE DAMAGE!!
You closely miss the necromancer.
Okay, then.
Aiming: Charm
Press: ? - help, Shift-Dir - straight line, f - necromancer
Aim: a necromancer, wielding a +0 dagger and wearing a +0 robe (chance to affect: 28%)
The necromancer easily resists.
The necromancer hits you but does no damage.
You hit the necromancer. You freeze the necromancer.
The necromancer is lightly wounded.
The necromancer casts a spell at you. The bolt of negative energy hits you!!!
You feel drained.
* * * LOW HITPOINT WARNING * * *
You take 39 damage, and have 18/100 hp.
MASSIVE DAMAGE!!
You hit the necromancer. You freeze the necromancer.
The necromancer is lightly wounded.
The necromancer casts a spell at you. The bolt of negative energy hits you!!
You feel drained.
You die...

.........[..♣......P#.P..........
#####÷''########♣P..#..P♣####♣...
...............###...P♣########..
####8P⌠P8#####P..###♣♣##P....8##.
##8P8###..###.#### #.....(##.
######8....#P..P####)....8##.
#8{p{8#/?..{####...P#'#######.
+.YYY(#:$..Y#.P####...#♣# #..
+{..[Y#8..YYp@....#.#...♣♣#♣P.
#8...8##...##.......PP8..8♣♣♣. ##
#########♣...♣♣P.. #8♣♣....
##♣.### ###


You could see 3 elephants and a necromancer.

Vanquished Creatures
  A frost giant (IceCv)
  2 dire elephants
  A minotaur (Gauntlet)
  Erolcha (Orc:1)
  A hell beast (Gauntlet)
  An ogre mage (Orc:2)
  A two-headed ogre (D:11)
  A boulder beetle (Lair:5)
  4 death yaks (IceCv)
  Sonja (Lair:5)
  Nergalle (Orc:2)
  3 deep elf zephyrmancers
  5 deep elf pyromancers
  A lindwurm (Lair:1)
  An orc knight (Orc:1)
  8 orc sorcerers
  An ugly thing (IceCv)
  2 cyclopes
  21 elephants
  A merfolk siren (Lair:2)
  Maurice (Orc:2)
  2 black mambas (Lair:4)
  An ice statue (IceCv)
  11 cane toads
  A smoke demon (Gauntlet)
  6 komodo dragons
  10 rime drakes
  An unseen horror (D:11)
  A red devil (Gauntlet)
  4 trolls
  7 polar bears
  2 merfolk (Lair:2)
  6 dream sheep (Lair:4)
  9 blink frogs
  A culicivora (Lair:3)
  A shadow (D:9)
  4 wyverns
  30 yaks
  4 basilisks
  A neqoxec (Gauntlet)
  A death yak simulacrum (Lair:5)
  A vampire mosquito (D:10)
  3 steam dragons
  2 wargs (Orc:2)
  An acid dragon (D:10)
  14 water moccasins
  3 hell hounds
  12 orc warriors
  A sky beast (D:6)
  An ice beast (D:8)
  A black bear (D:6)
  7 centaurs
  4 ogres
  20 wolves
  A phantom (D:5)
  2 kobold brigands
  A gnoll sergeant (D:9)
  6 bullfrogs
  2 scorpions
  A cane toad simulacrum (Lair:5)
  21 wights
  5 killer bees
  3 electric eels (Lair:1)
  5 howler monkeys
  4 crimson imps (Gauntlet)
  3 hounds
  6 orc priests
  2 gnoll boudas
  3 jellies
  Crazy Yiuf (D:4)
  4 iguanas
  2 sleepcaps
  Natasha (thrice) (D:3)
  Terence (D:3)
  27 orc wizards
  17 gnolls
  4 adders
  A shadow imp (D:5)
  A white imp (D:6)
  2 worms (D:2)
  65 orcs
  6 endoplasms
  5 giant cockroaches
  3 hobgoblins
  20 kobolds
  A quokka (D:1)
  11 ball pythons
  8 bats
  6 frilled lizards
  11 goblins
  6 rats
502 creatures vanquished.

Vanquished Creatures (collateral kills)
  An orc warlord (Orc:1)
  Snorg (D:10)
  A death yak (IceCv)
  A boulder beetle (Orc:1)
  A necromancer (Lair:5)
  2 cane toads (Lair:5)
  Grinder (D:3)
  4 yaks
  3 orc warriors (Orc:1)
  3 wights
  An orc wizard (Orc:1)
  An adder (D:3)
  5 orcs
25 creatures vanquished.

Vanquished Creatures (others)
  An orc sorcerer (Orc:2)
  2 orc wizards (Orc:2)
  An orc (Orc:1)
  28 fungi
  49 plants
  9 toadstools (Lair:1)
  11 withered plants (Lair:5)
101 creatures vanquished.

Grand Total: 628 creatures vanquished

Notes
Turn   | Place    | Note
-------+----------+-------------------------------------------
     0 | D:1      | jasper the Demonspawn Gladiator began the quest for the
                  | Orb.
     0 | D:1      | Reached XP level 1. HP: 16/16 MP: 1/1
   312 | D:1      | Gained mutation: You are partially covered in sharp spines.
                  | [demonic ancestry]
   312 | D:1      | Reached XP level 2. HP: 19/22 MP: 2/2
   475 | D:1      | Found Efaofu's Distillery.
   538 | D:1      | Found a faded altar of an unknown god.
   547 | D:1      | Prayed at the altar of an unknown god.
   547 | D:1      | Became a worshipper of Makhleb the Destroyer
   547 | D:1      | Reached * piety under Makhleb
   847 | D:2      | Found a shadowy altar of Dithmenos.
   916 | D:2      | Gained mutation: You have a pair of small antennae on your
                  | head. [demonic ancestry]
   916 | D:2      | Reached XP level 3. HP: 22/27 MP: 3/3
   971 | D:2      | You fall into a shaft and drop 2 floors!
   996 | D:4      | Noticed a scorpion
  1005 | D:4      | Killed a scorpion
  1006 | D:4      | Reached XP level 4. HP: 16/33 MP: 4/4
  1174 | D:4      | Found a staircase to the Ecumenical Temple.
  1179 | D:4      | Found a sparkling altar of Nemelex Xobeh.
  1391 | D:4      | Reached skill level 5 in Staves
  1952 | D:3      | Noticed Natasha
  1952 | D:3      | Found an iron altar of Okawaru.
  1955 | D:3      | Noticed Grinder
  2094 | D:2      | Reached ** piety under Makhleb
  2652 | D:4      | Found a runed translucent door.
  2653 | D:4      | Noticed Crazy Yiuf
  2665 | D:4      | Killed Crazy Yiuf
  2666 | D:4      | Gained mutation: You are partially covered in yellow
                  | scales. (AC +2) [demonic ancestry]
  2666 | D:4      | Reached XP level 5. HP: 27/38 MP: 0/5
  2805 | D:5      | Entered Level 5 of the Dungeon
  2849 | D:5      | Found a glowing drain.
  2864 | Sewer    | Entered a sewer
  2968 | Sewer    | Gained mutation: You have a pair of antennae on your head.
                  | [demonic ancestry]
  2968 | Sewer    | Reached XP level 6. HP: 44/44 MP: 6/6
  3091 | Sewer    | Reached *** piety under Makhleb
  3267 | D:5      | Gained mutation: A meltable shield of frost defends you.
                  | (SH +4) [demonic ancestry]
  3267 | D:5      | Reached XP level 7. HP: 35/50 MP: 7/7
  3526 | D:5      | Reached skill level 1 in Invocations
  3558 | D:5      | Reached skill level 2 in Invocations
  3562 | D:5      | Reached skill level 3 in Invocations
  3854 | D:3      | Reached skill level 4 in Invocations
  3877 | D:3      | Killed Natasha
  3891 | D:3      | Paralysed by Grinder for 3 turns
  3894 | D:3      | Killed Grinder
  3895 | D:3      | Reached skill level 1 in Armour
  3907 | D:3      | Reached XP level 8. HP: 44/57 MP: 11/11
  3918 | D:3      | Noticed Natasha
  3922 | D:3      | Killed Natasha
  4092 | D:3      | Noticed Terence
  4099 | D:3      | Killed Terence
  4107 | D:3      | Identified the +2 pair of gloves "Xege" {rElec Int+2 Dex-3}
  4493 | D:3      | Noticed Natasha
  4499 | D:3      | Killed Natasha
  4499 | D:3      | Reached **** piety under Makhleb
  5705 | D:7      | Gained mutation: You have a pair of large antennae on your
                  | head. (SInv) [demonic ancestry]
  5705 | D:7      | Reached XP level 9. HP: 56/66 MP: 12/12
  6176 | D:7      | Found a shimmering altar of Xom.
  6182 | D:7      | Found a hazy altar of Hepliaklqana.
  6185 | D:7      | Found a stormy altar of Qazlal.
  6277 | D:7      | Reached skill level 5 in Fighting
  6547 | D:8      | Reached skill level 10 in Staves
  6661 | D:8      | Reached ***** piety under Makhleb
  7407 | D:9      | Noticed a troll
  7421 | D:9      | Killed a troll
  7504 | D:9      | Reached skill level 5 in Armour
  7671 | D:9      | Gained mutation: A meltable icy envelope protects you from
                  | harm. (AC +4) [demonic ancestry]
  7671 | D:9      | Reached XP level 10. HP: 70/76 MP: 13/13
  7907 | D:9      | Found a hide-covered altar of Uskayaw.
  8686 | D:10     | Entered Level 10 of the Dungeon
  8737 | D:10     | Noticed a two-headed ogre
  8738 | D:10     | Found a transporter.
  8738 | D:10     | Noticed a two-headed ogre
  8740 | D:10     | Noticed Hubris850's ghost (novice OgGl)
  8740 | D:10     | Noticed a moth of wrath
  8773 | D:10     | Found a transporter.
  8842 | D:10     | Found a staircase to the Orcish Mines.
  8856 | D:10     | Noticed a two-headed ogre
  8859 | D:10     | Found a bloodstained altar of Trog.
  8859 | D:10     | Noticed a tengu warrior
  9059 | D:10     | Noticed Snorg
  9068 | D:10     | Killed Snorg
  9135 | D:10     | Reached XP level 11. HP: 84/85 MP: 12/14
  9711 | D:11     | Noticed a two-headed ogre
  9727 | D:11     | Killed a two-headed ogre
  9781 | D:11     | Found a staircase to the Lair.
  9821 | Lair:1   | Entered Level 1 of the Lair of Beasts
 10191 | Lair:1   | Found a frozen archway.
 10223 | IceCv    | Entered an ice cave
 10256 | IceCv    | Noticed a death yak
 10290 | IceCv    | Killed a death yak
 10400 | IceCv    | Noticed a death yak
 10400 | IceCv    | Noticed a white ugly thing
 10421 | IceCv    | Killed a death yak
 10430 | IceCv    | Killed a white ugly thing
 10431 | IceCv    | Reached skill level 10 in Fighting
 10431 | IceCv    | Reached XP level 12. HP: 97/97 MP: 15/15
 10651 | IceCv    | Reached skill level 1 in Evocations
 10672 | IceCv    | Noticed a death yak
 10689 | IceCv    | Noticed a death yak
 10701 | IceCv    | Killed a death yak
 10715 | IceCv    | Killed a death yak
 10716 | IceCv    | Reached skill level 5 in Invocations
 10742 | IceCv    | Noticed a frost giant
 10742 | IceCv    | Noticed a death yak
 10777 | IceCv    | Killed a frost giant
 10782 | IceCv    | Killed a death yak
 11202 | Lair:1   | Reached skill level 6 in Invocations
 11461 | Lair:1   | Noticed a dire elephant
 11481 | Lair:1   | Found a runed translucent door.
 11541 | Lair:1   | Killed a dire elephant
 12249 | Lair:2   | Reached XP level 13. HP: 107/107 MP: 18/18
 12589 | Lair:2   | Reached skill level 7 in Invocations
 12599 | Lair:2   | Found a staircase to the Shoals.
 12882 | Lair:3   | Reached skill level 8 in Invocations
 13017 | Lair:3   | Reached skill level 9 in Invocations
 13160 | Lair:3   | Found a hole to the Spider Nest.
 13258 | Lair:3   | You fall into a shaft and drop 2 floors!
 13258 | Lair:5   | Entered Level 5 of the Lair of Beasts
 13258 | Lair:5   | Found a gate leading to a gauntlet.
 13272 | Gauntlet | Entered a Gauntlet
 13272 | Gauntlet | Found a transporter.
 13272 | Gauntlet | Found a transporter.
 13272 | Gauntlet | Found a transporter.
 13272 | Gauntlet | Found a runed translucent gate.
 13272 | Gauntlet | Found a runed translucent gate.
 13272 | Gauntlet | Found a runed translucent gate.
 13273 | Gauntlet | Found a transporter.
 13274 | Gauntlet | Found a transporter.
 13277 | Gauntlet | Found a transporter.
 13285 | Gauntlet | Found a transporter.
 13286 | Gauntlet | Found a transporter.
 13287 | Gauntlet | Found a transporter.
 13289 | Gauntlet | Found a transporter.
 13296 | Gauntlet | Found a transporter.
 13296 | Gauntlet | Found a transporter.
 13296 | Gauntlet | Found the +9 staff of Wucad Mu {*channel}
 13479 | Gauntlet | Reached skill level 10 in Invocations
 13532 | Gauntlet | Got the Vellum of Terra Cotta
 13661 | Gauntlet | Noticed a green death
 13668 | Gauntlet | Noticed a minotaur
 13683 | Gauntlet | Killed a minotaur
 13735 | Lair:5   | Reached skill level 11 in Invocations
 13789 | Lair:5   | Noticed Sonja
 13797 | Lair:5   | Killed Sonja
 13887 | Lair:4   | Reached skill level 12 in Invocations
 14083 | Lair:4   | Reached skill level 13 in Invocations
 14308 | Lair:4   | Found a runed translucent door.
 14309 | Lair:4   | Found a viscous altar of Jiyva.
 14309 | Lair:4   | Found a staircase to the Slime Pits.
 15328 | Lair:4   | Reached skill level 14 in Invocations
 15637 | Lair:5   | Reached skill level 15 in Invocations
 15905 | Lair:5   | Noticed a dire elephant
 15905 | Lair:5   | Noticed a dire elephant
 15906 | Lair:5   | Noticed a dire elephant
 15906 | Lair:5   | Noticed a dire elephant
 15906 | Lair:5   | Noticed a dire elephant
 15918 | Lair:5   | Noticed a dire elephant
 15933 | Lair:5   | Killed a dire elephant
 15934 | Lair:5   | Reached XP level 14. HP: 28/114 MP: 25/25
 16178 | Orc:1    | Entered Level 1 of the Orcish Mines
 16265 | Orc:1    | Noticed Erolcha
 16274 | Orc:1    | Killed Erolcha
 16285 | Orc:1    | Reached skill level 16 in Invocations
 16432 | Orc:2    | Entered Level 2 of the Orcish Mines
 16432 | Orc:2    | Found a staircase to the Elven Halls.
 16476 | Orc:1    | Found Sican's Book Shoppe.
 16539 | Orc:1    | Noticed an orc warlord
 16604 | Orc:1    | Killed an orc warlord
 17025 | Orc:1    | Reached skill level 17 in Invocations
 17140 | Orc:2    | Reached skill level 5 in Dodging
 17177 | Orc:2    | Noticed Maurice
 17203 | Orc:2    | Killed Maurice
 17628 | Orc:2    | Found Wuuz's Antique Armour Boutique.
 17663 | Orc:2    | Found an ancient bone altar of Kikubaaqudgha.
 17663 | Orc:2    | Noticed Nergalle
 17699 | Orc:2    | Killed Nergalle
 17738 | Orc:2    | Found Usolifer's Distillery.
 17801 | Orc:2    | Found Nyav's Jewellery Boutique.
 17816 | Orc:2    | Paralysed by an orc sorcerer for 3 turns
 17865 | Orc:2    | Bought the ring "Icverchi" {+Blink Str+6 Int+2} for 704
                  | gold pieces
 17865 | Orc:2    | Bought a ring of poison resistance for 260 gold pieces
 17897 | Orc:2    | Found a radiant altar of Vehumet.
 17921 | Orc:2    | Found Giemirgh's Antique Armour Shop.
 18123 | Orc:2    | Bought a potion of lignification for 45 gold pieces
 18123 | Orc:2    | Bought a potion of curing for 45 gold pieces
 18123 | Orc:2    | Bought a potion of heal wounds for 75 gold pieces
 18123 | Orc:2    | Bought a potion of curing for 45 gold pieces
 18123 | Orc:2    | Bought a potion of haste for 150 gold pieces
 18393 | Lair:5   | Reached skill level 5 in Evocations
 18706 | Lair:5   | Killed from afar by a necromancer

Illustrated notes

Levels and vault maps discovered:
D:1:      noname_arrival_rooms_in_the_neighbourhood, layout_loops_cross,
          basic_ecumenical_altar, serial_shops, nicolae_shop_stone,
          minmay_small_reverse_x
D:2:      layout_rooms, basic_altar, dk_noncrumbling_4
D:3:      layout_loops_cross, mainiacjoe_overflow_small_starburst,
          okawaru_trees_2, minmay_between, uniq_natasha, uniq_grinder,
          uniq_terence
D:4:      layout_basic, nemelex_xobeh_ov_fountains_minmay, elyvilon_altar_3,
          minmay_temple_entry_mist, uniq_crazy_yiuf_cottage
D:5:      layout_loops_ring, cheibrodos_sewer_entry_sluice, st_stairs_1
D:6:      layout_basic
D:7:      layout_loops_ring, minmay_overflow_temple_star_quad
D:8:      layout_loops_ring, st_stairs_10
D:9:      layout_basic, mainiacjoe_overflow_cross_hatched, serial_glass,
          glass_columns_b, glass_columns_a, minmay_diced_spiral
D:10:     layout_roguey, orc_0_dummy, gammafunk_ghost_wrathful_warriors,
          uniq_snorg
D:11:     layout_big_octagon, lair_entry_dummy, serial_co_window_serial,
          co_window_corner_a, co_window_corner_a, co_window_of_opportunity_a,
          co_window_paths_b, co_window_of_opportunity_a, co_window_paths_b,
          co_window_paths_a, co_window_paths_c, co_window_corner_b,
          co_window_broadway_b, co_window_broadway_b,
          co_window_of_opportunity_b, co_window_paths_c, co_window_sun,
          glass_columns_c, glass_columns_b, glass_columns_b, glass_columns_a,
          glass_columns_a, minmay_lizard_king
Lair:1:   gammafunk_lair_enchanted_lake, layout_gridlike, enter_volcano_3,
          portal_ice_cave_entry_pillars_1, st_stairs_8,
          chequers_serial_rivers_micro_b, chequers_serial_rivers_room_a,
          serial_bayou_shore_a
Lair:2:   layout_cave_pods, elwin_shoals_entry_rooms
Lair:3:   layout_loops_ring, spider_nest_entry_rubble, patterned_corridor
Lair:4:   layout_cave_pods, slime_entry_2, grunt_megastairs_4
Lair:5:   due_jungle_book, layout_misc_corridors, gauntlet_entry_generic,
          uniq_sonja
Orc:1:    layout_diamond_mine, serial_shops, shop, basic_altar, rock_pile,
          uniq_erolcha
Orc:2:    kennysheep_orc_mage_school, layout_diamond_mine, elves_outpost_lemuel,
          uniq_maurice

Skill      XL: |  1  2  3  4  5  6  7  8  9 10 11 12 13 14 |
---------------+-------------------------------------------+-----
Staves         | 3 4 5 6 7 8 9 10 12 14 | 14.0
Invocations    | 4 6 15 17 | 17.0
Armour         | 1 3 5 6 7 8 |  8.4
Fighting       | 4 6 7 10 11 12 | 12.6
Dodging        | 4 5 |  5.6
Evocations     | 4 5 |  5.1
Throwing       | |  1.7

Action                     |  1- 3 |  4- 6 |  7- 9 | 10-12 | 13-15 || total
---------------------------+-------+-------+-------+-------+-------++-------
  Melee: Quarterstaff      |    62 |    90 |   235 |   533 |   714 ||  1634
         Unarmed           |       |       |     4 |    15 |       ||    19
  Throw: Stone             |     5 |       |       |       |       ||     5
         Throwing net      |     2 |     1 |       |       |       ||     3
         Boomerang         |       |    35 |    70 |     1 |       ||   106
         Dart              |       |       |     1 |     4 |       ||     5
 Invoke: Lesser Servant of |       |       |     3 |     7 |     3 ||    13
         Major Destruction |       |       |       |       |     2 ||     2
         Greater Servant o |       |       |       |       |     4 ||     4
  Evoke: Wand              |       |       |       |     7 |     5 ||    12
         Tin of tremorston |       |       |       |       |     3 ||     3
         Phial of floods   |       |       |       |       |     1 ||     1
    Use: Scroll            |     2 |     5 |     8 |     6 |     6 ||    27
         Potion            |     1 |       |     1 |     2 |    10 ||    14
   Stab: Sleeping          |     1 |       |       |       |     1 ||     2
         Held in net/web   |     2 |       |       |       |       ||     2
         Distracted        |       |       |     1 |     2 |     1 ||     4
         Confused          |       |       |       |     1 |       ||     1
         Invisible         |       |       |       |     2 |       ||     2
 Armour: Leather armour    |    16 |     8 |       |       |       ||    24
         Ring mail         |       |    21 |     6 |       |       ||    27
         Scale mail        |       |       |    47 |       |       ||    47
         Chain mail        |       |       |    47 |    54 |       ||   101
         Skin              |       |       |     1 |     1 |       ||     2
         Troll leather arm |       |       |       |   166 |   284 ||   450
  Dodge: Dodged            |    30 |    50 |    86 |   237 |   464 ||   867
  Block: Other             |       |       |    29 |    79 |   101 ||   209

Table legend: (Time is in decaauts)
 A = Elapsed time spent in this place.
 B = Non-inter-level travel time spent in this place.
 C = Inter-level travel time spent in this place.
 D = Time resting spent in this place.
 E = Time spent auto-exploring this place.
 F = Levels seen in this place.
 G = Mean time per level.
                   A        B        C        D        E       F      G
               +--------+--------+--------+--------+--------+-----+--------+
         Total |  18312 |  17003 |   1309 |   1379 |  11692 |  21 |  872.0 |
       Dungeon |   9638 |   8846 |    792 |    740 |   6447 |  11 |  876.2 |
          Lair |   5293 |   4908 |    385 |    269 |   3516 |   5 | 1058.6 |
  Orcish Mines |   1930 |   1800 |    130 |    180 |   1110 |   2 |  965.0 |
         Sewer |    267 |    267 |      0 |      0 |    141 |   1 |  267.0 |
      Ice Cave |    745 |    745 |      0 |     82 |    334 |   1 |  745.0 |
      Gauntlet |    436 |    436 |      0 |    108 |    143 |   1 |  436.0 |
               +--------+--------+--------+--------+--------+-----+--------+

Top non-repeatable levels by time:
     D:4: 1610 daAuts
  Lair:1: 1328 daAuts
     D:9: 1259 daAuts
  Lair:4: 1115 daAuts
   Orc:2: 1110 daAuts
     D:5: 1055 daAuts
  Lair:5: 1016 daAuts
    D:10: 979 daAuts
     D:8: 940 daAuts
  Lair:3: 934 daAuts
  Lair:2: 899 daAuts
   Orc:1: 819 daAuts
     D:7: 811 daAuts
     D:3: 755 daAuts
     D:6: 750 daAuts
